 Dungeon Crawl Stone Soup version 0.17.0 (webtiles) character file.

123 Eucla the Caller (level 4, 0/33 HPs)
             Began as a Minotaur Summoner on Nov 15, 2015.
             Succumbed to an orc wizard's poison
             ... on level 4 of the Dungeon.
             The game lasted 00:04:39 (3456 turns).

Eucla the Caller (Minotaur Summoner)                Turns: 3456, Time: 00:04:39

Health: 0/33       AC:  5    Str: 17    XL:     4   Next: 79%
Magic:  3/5        EV: 12    Int: 13    God:
Gold:   105        SH:  0    Dex: 11    Spells: 2 memorised, 2 levels left

rFire  . . .     SeeInvis .       - Unarmed
rCold  . . .     Clarity  .     a - +0 robe
rNeg   . . .     SustAt   .     (no shield)
rPois  .         Gourm    .     (helmet restricted)
rElec  .         Spirit   .     t - +0 cloak
rCorr  .         Warding  .     e - +0 pair of gloves
rMut   .         Stasis   .     y - +0 pair of boots
MR     .....                    (no amulet)
Stlth  +.........               (no ring)
                                d - ring of loudness (curse)

@: mighty, lethally poisoned (0 -> -33), slowed, very slow, not resistant to
hostile enchantments, very unstealthy
A: retaliatory headbutt, horns 2
a: no special abilities


You were on level 4 of the Dungeon.
You were not hungry.

You visited 1 branch of the dungeon, and saw 4 of its levels.

You collected 105 gold pieces.

Inventory:

Armour
 a - a +0 robe (worn)
 e - a +0 pair of gloves (worn)
 t - a +0 cloak (worn)
 y - a +0 pair of boots (worn)
Jewellery
 d - a cursed ring of loudness (left hand)
 z - a cursed -3 ring of protection {unknown}
Scrolls
 h - 3 scrolls of fear {unknown}
 m - a scroll of remove curse
 n - 2 scrolls of fog {unknown}
 o - 3 scrolls of identify
 p - a scroll of noise {unknown}
 r - a scroll of teleportation {unknown}
 s - a scroll of enchant weapon {unknown}
Potions
 g - a potion of might
 v - a potion of flight {unknown}
 w - a potion of lignification {unknown}
 A - a potion of ambrosia {unknown}
Books
 b - a book of Callings

   Spells                             Type                      Level
   a - Summon Small Mammal            Summoning                    1
   b - Call Imp                       Summoning                    2
   c - Call Canine Familiar           Summoning                    3
   d - Summon Guardian Golem          Hexes/Summoning              3
   e - Summon Lightning Spire         Summoning/Air                4
   f - Summon Ice Beast               Ice/Summoning                4
Comestibles
 c - 2 bread rations
 f - a beef jerky
 j - a slice of pizza
 k - 2 meat rations


   Skills:
 - Level 2.1 Dodging
 - Level 1.5 Stealth
 + Level 3.2 Unarmed Combat
 - Level 1.3 Spellcasting
 + Level 4.0 Summonings


You had 2 spell levels left.
You knew the following spells:

 Your Spells              Type           Power        Failure   Level  Hunger
a - Summon Small Mammal   Summ           ##..         8%          1    ##.....
b - Call Imp              Summ           ##......     10%         2    ###....


Dungeon Overview and Level Annotations

Branches:
Dungeon (4/15)
 Temple: D:4-7

Altars:


Innate Abilities, Weirdness & Mutations

You reflexively headbutt those who attack you in melee.
You have a pair of horns on your head.


Message History

Things that are here:
a flail; a leather armour You closely miss the orc wizard.
The orc wizard is moderately wounded.
You feel very sick. The orc wizard closely misses you.
The orc wizard hits you but does no damage.
You are more poisoned.
You closely miss the orc wizard. Your headbutt misses the orc wizard.
The orc wizard is moderately wounded.
* * * LOW HITPOINT WARNING * * *
You feel very sick.
The orc wizard points at you and mumbles some strange words.
The magic dart hits you!
* * * LOW HITPOINT WARNING * * *
The orc wizard barely misses you. You furiously retaliate!
You headbutt the orc wizard. You barely miss the orc wizard.
You punch the orc wizard.
The orc wizard is almost dead.
You die...

..# . #.....# ..# ...#.
.....# ..#####.#... .....#
..##.......##.....#
#.##.##.##.... ..#
#.##....(...# #.#
#...........#####)#
..##...........##)###
#.##...........o@.#.##
(...........##.##....####.#
#.##.######...............#
#.##.# #.#####....######
..##.## #.#####.#.##
#.....# #.......### ..##..#
######### ......# #####.#


You could see an orc wizard.

Vanquished Creatures
  3 adders
  An ooze (D:3)
  A worm (D:3)
  2 giant geckos
  4 orcs (D:4)
  2 ball pythons (D:2)
  A giant cockroach (D:3)
  6 goblins
  5 hobgoblins
  5 quokkas
  6 bats
  2 giant newts
  6 kobolds
  10 rats
54 creatures vanquished.

Vanquished Creatures (collateral kills)
  A crimson imp (D:3)
  An adder (D:3)
  A rat (D:2)
3 creatures vanquished.

Grand Total: 57 creatures vanquished

Notes
Turn   | Place    | Note
--------------------------------------------------------------
     0 | D:1      | Eucla the Minotaur Summoner began the quest for the Orb.
     0 | D:1      | Reached XP level 1. HP: 14/14 MP: 1/1
    72 | D:1      | Reached skill level 3 in Summonings
   475 | D:1      | Reached XP level 2. HP: 11/20 MP: 3/3
   728 | D:1      | Learned a level 2 spell: Call Imp
   784 | D:1      | Reached skill level 1 in Unarmed Combat
  1807 | D:2      | Reached XP level 3. HP: 11/26 MP: 1/4
  2374 | D:3      | Reached XP level 4. HP: 7/33 MP: 2/5
  3447 | D:4      | Reached skill level 4 in Summonings
  3456 | D:4      | Succumbed to an orc wizard's poison

Action                   |  1- 3 |  4- 6 || total
-------------------------+-------+-------++-------
Melee: Unarmed           |   136 |    48 ||   184
 Cast: Call Imp          |     6 |     3 ||     9
  Use: Scroll            |     2 |       ||     2
       Potion            |       |     5 ||     5
 Stab: Sleeping          |     5 |       ||     5
  Eat: Chunk             |     5 |     4 ||     9
